 Dungeon Crawl Stone Soup version 0.28-a0-461-g2dc4ca5097 (webtiles) character file.

Game seed: 12875939903951545619

257 Zenkrye the Firebug (level 6, -2/48 HPs)
             Began as a Barachi Cinder Acolyte on Sept 13, 2021.
             Was a High Priest of Ignis.
             Slain by a phantom (4 damage)
             ... on level 4 of the Dungeon.
             The game lasted 00:12:35 (4721 turns).

Zenkrye the Firebug (Barachi Cinder Acolyte)        Turns: 4721, Time: 00:12:35

Health: -2/48      AC:  4    Str: 13 (15) XL:     6   Next: 16%
Magic:  7/10       EV: 11    Int: 14 (17) God:    Ignis [*****.]
Gold:   183        SH:  0    Dex:  6 (7)  Spells: 4/11 levels left

rFire   + + .      SeeInvis .   a - -1 falchion (flame)
rCold   + + .      Faith    .   (no shield)
rNeg    . . .      Spirit   .   m - +2 robe {rC+ rF+}
rPois   .          Reflect  .   (no helmet)
rElec   .          Harm     .   (no cloak)
rCorr   .          Rampage  .   (no gloves)
Will    .....                   (no boots)
Stlth   +.........              (no amulet)
HPRegen 0.16/turn               c - ring of protection from cold
MPRegen 0.12/turn               (no ring)

@: brilliant, attractive, very slightly contaminated, invisible, slow
A: amphibious, slowness 1, strong legs 1, +LOS
a: Hop, Renounce Religion, Sea of Fire, Foxfire Swarm, Rising Flame


You were on level 4 of the Dungeon.
You worshipped Ignis.
Ignis was extremely pleased with you.
You visited 1 branch of the dungeon, and saw 4 of its levels.

You collected 183 gold pieces.

Inventory:

Hand Weapons
 a - a -1 falchion of flaming (weapon)
Missiles
 e - 99 stones
 o - 2 atropa-tipped darts
 p - 7 poisoned darts
 q - 4 boomerangs (quivered)
 t - 26 bolts
Armour
 b - a +0 robe
 d - a +0 leather armour
 f - a +0 ring mail
 m - a +2 robe of resistance (worn)
Jewellery
 c - a ring of protection from cold (left hand)
Potions
 g - a potion of curing {unknown}
 h - a potion of degeneration
 l - a potion of heal wounds {unknown}


   Skills:
 - Level 3.8 Fighting
 - Level 5.0 Long Blades
 + Level 3.1 Spellcasting
 + Level 1.8 Conjurations
 + Level 5.1 Fire Magic


You had 4 spell levels left.
You knew the following spells:

 Your Spells              Type           Power      Damage    Failure   Level
a - Scorch                Fire           48%        2d7       3%          2
b - Foxfire               Conj/Fire      68%        2x1d7     4%          1
c - Flame Wave            Conj/Fire      17%        3d5       45%         4

Your spell library contained the following spells:

 Spells                   Type           Power      Damage    Failure   Level
 Conjure Flame            Conj/Fire      17%        6-21      16%         3
 Inner Flame              Hex/Fire       14%        N/A       22%         3


Dungeon Overview and Level Annotations

Branches:
Dungeon (4/15)
 Temple: D:4-7

Altars:

Annotations:
D:1 1 runed translucent door
D:4 Eustachio


Innate Abilities, Weirdness & Mutations

You are amphibious.
You cover ground slowly.
You can hop short distances.
You have an extended range of vision and can be seen from far away.


Message History

Unknown command.
You aren't carrying any scrolls.
You fade into invisibility!
The phantom closely misses you. Eustachio barely misses you.
You are very lightly contaminated with residual magic.
You hit Eustachio but do no damage.
Eustachio is moderately wounded.
Eustachio is no longer more vulnerable to fire.
The phantom misses you. Eustachio hits you with a +0 rapier.
You hit Eustachio. You burn Eustachio.
Eustachio is moderately wounded.
The phantom barely misses you. Eustachio hits you with a +0 rapier.
You strike the helpless Eustachio from behind!
You hit Eustachio. You burn Eustachio.
Eustachio is heavily wounded.
The phantom hits you.
The phantom blinks!
You blink.
You hit the phantom but do no damage. The phantom barely misses you.
Eustachio gestures wildly while chanting.
Eustachio blinks!
The phantom hits you!
* * * LOW HITPOINT WARNING * * *
The phantom blinks!
You blink.
You barely miss the phantom. The river rat bites you.
* * * LOW HITPOINT WARNING * * *
The phantom closely misses you.
It was a potion of degeneration.
There was something very wrong with that liquid.
You feel weakened.
You feel dopey.
You feel clumsy. The river rat bites you.
* * * LOW HITPOINT WARNING * * *
The phantom hits you.
* * * LOW HITPOINT WARNING * * *
It was a potion of brilliance.
You feel clever all of a sudden. The river rat barely misses you.
The phantom misses you.
It was a potion of attraction.
You feel attractive to monsters. The river rat barely misses you.
Eustachio gestures wildly while chanting.
The phantom hits you.
You die...

... #@## ....
#####.## ...
#.≈§##.# #.≈≈.##
###§≈b# ###b# #@#
#r# #@# #W# #r#
#.################
#.................
##################


You could see Eustachio, a phantom, a river rat (summoned), a quokka (summoned)
and 2 bats.

Vanquished Creatures
  A scorpion (D:4)
  An orc priest (D:3)
  A hound (D:4)
  An iguana (D:4)
  4 adders
  2 worms
  A dart slug (D:3)
  7 orcs (D:3)
  9 ball pythons
  3 bats
  7 endoplasms
  6 hobgoblins
  4 jackals (D:2)
  3 kobolds
  A quokka (D:1)
  3 frilled lizards
  6 goblins
  5 rats
65 creatures vanquished.

Vanquished Creatures (others)
  54 foxfires
  A plant (D:1)
55 creatures vanquished.

Grand Total: 120 creatures vanquished

Notes
Turn   | Place    | Note
-------+----------+-------------------------------------------
     0 | D:1      | Zenkrye the Barachi Cinder Acolyte began the quest for the
                  | Orb.
     0 | D:1      | Reached XP level 1. HP: 18/18 MP: 2/2
     1 | D:1      | Found a runed translucent door.
   490 | D:1      | Reached XP level 2. HP: 18/25 MP: 4/4
   493 | D:1      | Learned a level 2 spell: Scorch
  1541 | D:2      | You fall into a shaft and drop 1 floor!
  1643 | D:3      | Reached XP level 3. HP: 28/30 MP: 5/5
  1680 | D:3      | Learned a level 1 spell: Foxfire
  3007 | D:3      | Reached XP level 4. HP: 37/37 MP: 3/6
  3727 | D:3      | Reached skill level 5 in Long Blades
  3727 | D:3      | Reached XP level 5. HP: 25/42 MP: 1/8
  4280 | D:4      | Noticed Eustachio
  4477 | D:4      | Reached skill level 5 in Fire Magic
  4477 | D:4      | Reached skill level 1 in Conjurations
  4482 | D:4      | Learned a level 4 spell: Flame Wave
  4555 | D:4      | Reached XP level 6. HP: 31/48 MP: 1/10
  4719 | D:4      | HP: 2/48 [river rat[Eustachio] (5)]
  4721 | D:4      | Slain by a phantom

Illustrated notes

Levels and vault maps discovered:
D:1:      dpeg_arrival_caged_fury, layout_loops_corners,
          hangedman_decor_growths, chequers_jeans, serial_bayou_crossing
D:2:      layout_basic, minmay_tromino_mix6
D:3:      layout_basic
D:4:      layout_rooms, minitemple, serial_shops, shop,
          nicolae_inconvenience_store, chequers_serial_rivers_small_b,
          minmay_fractal_squares_5, uniq_eustachio

Skill      XL: |  1  2  3  4  5 |
---------------+----------------+-----
Long Blades    | 4 5 |  5.0
Fire Magic     | 4 5 |  5.1
Spellcasting   | 2 3 |  3.1
Conjurations   | 1 |  1.8
Fighting       | |  3.8

Action                   |  1- 3 |  4- 6 || total
-------------------------+-------+-------++-------
Melee: Falchion          |   106 |    52 ||   158
Throw: Boomerang         |       |     8 ||     8
 Cast: Foxfire           |    10 |    22 ||    32
       Scorch            |     4 |    18 ||    22
 Abil: Hop               |       |     1 ||     1
  Use: Scroll            |       |     4 ||     4
       Potion            |       |     4 ||     4
 Stab: Invisible         |       |     1 ||     1
Armor: Leather armour    |    30 |       ||    30
       Robe              |    11 |    13 ||    24
Dodge: Dodged            |    63 |    56 ||   119

Table legend: (Time is in decaauts)
 A = Elapsed time spent in this place.
 B = Non-inter-level travel time spent in this place.
 C = Inter-level travel time spent in this place.
 D = Time resting spent in this place.
 E = Time spent auto-exploring this place.
 F = Levels seen in this place.
 G = Mean time per level.
                   A        B        C        D        E       F      G
               +--------+--------+--------+--------+--------+-----+--------+
         Total |   5298 |   5027 |    271 |    274 |   4062 |   4 | 1324.5 |
       Dungeon |   5298 |   5027 |    271 |    274 |   4062 |   4 | 1324.5 |
               +--------+--------+--------+--------+--------+-----+--------+

Top non-repeatable levels by time:
     D:2: 1927 daAuts
     D:3: 1517 daAuts
     D:1: 1476 daAuts
     D:4: 377 daAuts
